 Dungeon Crawl Stone Soup version 0.22-a0-282-gdd34a7d (webtiles) character file.

2181967 kuniqs the Slayer (level 26, 151/279 HPs)
             Began as a Deep Dwarf Fighter on Mar 17, 2018.
             Was the Champion of Makhleb.
             Escaped with the Orb
             ... and 3 runes!
             The game lasted 01:29:50 (42642 turns).

kuniqs the Slayer (Deep Dwarf Fighter)             Turns: 42642, Time: 01:29:51

Health: 151/279    AC: 38    Str: 29    XL:     26   Next: 54%
Magic:  1/1        EV: 23    Int: 14    God:    Makhleb [******]
Gold:   4710       SH: 24    Dex: 10    Spells: 25/25 levels left

rFire    + + .     SeeInvis .   N - +6 broad axe (chop)
rCold    + + .     Gourm    .   R - +0 large shield
rNeg     + . .     Faith    .   j - +12 gold dragon scales
rPois    +         Spirit   .   s - +2 helmet
rElec    +         Reflect  .   G - scarf {rC+ rF+}
rCorr    .         Harm     .   P - +2 pair of gloves
MR       +++..                  t - +0 pair of boots of Hedonism {Slay+2} (curse)
Stlth    ..........             o - amulet of the Air {Inacc +Fly rElec EV+5 RMsl}
HPRegen  0.00/turn              Z - ring "Neroekk" {+Fly Int+2 Slay+5}
MPRegen  0.07/turn              u - +5 ring of evasion

@: flying, non-regenerating, repel missiles
A: damage resistance, heal wounds, clever 1, clumsy 1, deformed body, negative
energy resistance 1, sense surroundings 3, weak 1, wild magic 1, no regeneration
0: Orb of Zot
}: 3/15 runes: serpentine, barnacled, silver
a: Heal Wounds, Minor Destruction, Lesser Servant of Makhleb, Major Destruction,
Greater Servant of Makhleb, Renounce Religion


You escaped.
You worshipped Makhleb.
Makhleb was exalted by your worship.
You were not hungry.

You visited 9 branches of the dungeon, and saw 49 of its levels.
You visited the Abyss 1 time.
You also visited: Labyrinth, Bailey, Ice Cave and Wizlab.

You collected 6673 gold pieces.
You spent 1963 gold pieces at shops.

Inventory:

Hand Weapons
 N - a +6 broad axe of chopping (weapon)
Armour
 j - +12 gold dragon scales (worn)
 s - a +2 helmet (worn)
 t - the cursed +0 pair of boots of Hedonism (worn) {Slay+2}
   (You bought it in a shop on level 5 of the Depths)

   It affects your accuracy and damage with ranged weapons and melee attacks
   (+2).
   It has a curse placed upon it.
 G - a scarf of resistance (worn)
 P - a +2 pair of gloves (worn)
 R - a +0 large shield (worn)
Jewellery
 o - the amulet of the Air (around neck) {Inacc +Fly rElec EV+5 RMsl}
   (You found it on level 3 of the Elven Halls)

   [amulet of inaccuracy]

   It reduces the accuracy of all your attacks.
   It affects your evasion (+5).
   It insulates you from electricity.
   It lets you fly.
   It protects you from missiles.
 u - a +5 ring of evasion (right hand)
 T - the brooch of Shielding {Reflect SH+8}
   (You found it on level 4 of the Shoals)

   [amulet of reflection]

   It shields you and reflects attacks.
   It affects your SH (+8).
 Z - the ring "Neroekk" (left hand) {+Fly Int+2 Slay+5}
   (You bought it in a shop on level 2 of the Orcish Mines)

   [ring of flight]

   It affects your intelligence (+2).
   It affects your accuracy and damage with ranged weapons and melee attacks
   (+5).
   It lets you fly.
Wands
 e - a wand of scattershot (4)
 i - a wand of iceblast (32)
 p - a wand of paralysis (54)
 y - a wand of random effects (51)
 E - a wand of digging (51)
 I - a wand of flame (40)
 K - a wand of disintegration (16)
 M - a wand of clouds (15)
 Q - a wand of enslavement (51)
 S - a wand of acid (19)
 X - a wand of polymorph (22)
Scrolls
 a - 7 scrolls of fog
 b - 7 scrolls of identify {@r1}
 g - 2 scrolls of summoning
 h - 21 scrolls of remove curse {@r2}
 w - 18 scrolls of teleportation
 z - 3 scrolls of immolation
 A - 7 scrolls of fear
 B - a scroll of holy word
 D - 2 scrolls of magic mapping
 H - 7 scrolls of blinking
Potions
 c - 4 potions of cancellation
 d - a potion of might
 k - a potion of mutation
 m - 6 potions of berserk rage
 n - 10 potions of lignification
 x - 7 potions of flight
 C - 7 potions of curing {@q1}
 F - a potion of haste
 J - 5 potions of invisibility
 L - a potion of resistance
 O - 4 potions of agility
Comestibles
 f - 79 rations


   Skills:
 - Level 24.5 Fighting
 - Level 18.0 Axes
 - Level 20.0 Armour
 - Level 20.0 Dodging
 - Level 20.0 Shields
 + Level 17.8 Invocations


You had 25 spell levels left.
You didn't know any spells.

Dungeon Overview and Level Annotations

Branches:
Dungeon (15/15)            Temple (0/1) D:6            Lair (6/6) D:8
 Shoals (4/4) Lair:3        Snake (4/4) Lair:3        Slime (0/5) Lair:5
    Orc (2/2) D:11            Elf (3/3) Orc:2        Vaults (5/5) D:14
  Crypt (0/3) Vaults:3     Depths (5/5) D:15            Zot (5/5) Depths:5

Altars:
Ashenzari
Cheibriados
Dithmenos
Fedhas
Kikubaaqudgha
Makhleb
Qazlal
Ru
Trog
Vehumet
Wu Jian
Xom
Yredelemnul
The Shining One
Beogh

Shops:
D:5 (   D:9 =[   D:13 (   Orc:2 *?=[   Elf:2 *=}}   Elf:3 (   Shoals:4 %
Snake:1 ?   Vaults:2 (   Vaults:3 ?   Vaults:4 ?   Depths:5 [

Portals:
Hell: Depths:1
Abyss: Depths:4

Annotations:
Lair:6 exclusion: 4 oklob plants


Innate Abilities, Weirdness & Mutations

You are resistant to damage.
You can heal yourself by infusing magical energy.
You resist negative energy. (rN+)
You passively map a large area around you.
You do not regenerate.
Your mind is acute. (Int +2)
You are clumsy. (Dex -2)
Armour fits poorly on your strangely shaped body.
You are weak. (Str -2)
Your spells are a little harder to cast, but a little more powerful.


Message History

There is a stone staircase leading down here.
There is a stone staircase leading up here.
You climb upwards.
There is a stone staircase leading down here.
There is a stone staircase leading up here.
You climb upwards.
There is a stone staircase leading down here.
There is a stone staircase leading up here.
You climb upwards.
There is a stone staircase leading down here.
The rock shatters into small pieces.
You feel very buoyant.
You fly up into the air.
A sun demon comes into view.
The sun demon shouts!
You block the sun demon's attack. The sun demon hits you!
You are engulfed in flames.
You resist.
There is a staircase leading out of the dungeon, spattered with blood here.
You block the sun demon's attack.
You have escaped!

####.# ######.# #.#.#
.....### ###....#.#
#.#.# .......#
##≈...≈...# #.#.#
######.#
##≈♣≈.≈.≈#.######.#.#
.....#.#
#≈♣⌠♣≈.⌠.≈......÷.#.#
.....#.#
##≈♣....≈#######..#.#
.....#.#
##≈...≈......#...#.#
.....#.#
#≈.3.≈#.###.#...#.##
.....#.# #≈.@.≈#.#
#.#...#.#. .....#.#
#≈...≈#.# #.#..##.#.
.....#.#
##≈...≈#.###.#..##.#.
.....#.#
##≈♣...♣≈...#.#..##.#.
.......#
#≈♣⌠♣≈♣⌠♣≈#.#.#..##.#.
########
##≈♣≈.≈♣≈##.#.#..##.#.
##≈...≈###.#.#####.#.
##..### #.#.#...#.#.
####.######.#.#.#.#.#.


You could see a sun demon.

Vanquished Creatures
  A seraph (Zot:1)
  5 ancient liches
  An orb of fire (Zot:5)
  The ghost of Nr616 the Conqueror, a veteran MiBe of Trog (Depths:5)
  Bai Suzhen (Vaults:3)
  A Killer Klown (Zot:5)
  Xtahua (Vaults:3)
  2 curse toes
  5 golden dragons
  Vashnia (Snake:4)
  Nikola (Snake:3)
  Jory (Vaults:4)
  A bone dragon (Depths:5)
  A Brimstone Fiend (D:15)
  2 Tzitzimimeh
  8 liches
  7 tentacled monstrosities
  Rupert (D:12)
  29 Orb Guardians
  3 pandemonium lords
  4 deep elf blademasters (Elf:3)
  3 titans
  A quicksilver dragon (Zot:5)
  A deep elf master archer (Elf:3)
  4 acid blobs (Zot:3)
  An eldritch tentacle (Zot:1)
  A kraken (Shoals:2)
  A tentacled starspawn (Abyss:3)
  An ancient champion (Vaults:3)
  2 Executioners
  2 death cobs
  Donald (Elf:1)
  8 tengu reavers
  10 storm dragons
  5 shadow dragons
  Agnes (Elf:2)
  Roxanne (Elf:1)
  Ilsuiw (Shoals:4)
  3 draconian monks
  11 nagarajas
  9 frost giants
  5 fire giants
  An orc warlord (Orc:1)
  14 vault wardens
  3 draconian stormcallers
  7 deep elf sorcerers
  7 deep elf elementalists
  2 draconian knights (Zot:3)
  A balrug (Zot:2)
  A cacodemon (D:11)
  An angel (Zot:1)
  2 draconian shifters (Zot:3)
  Louise (Shoals:1)
  Aizul (Elf:1)
  2 draconian annihilators (Zot:3)
  3 draconian scorchers
  A war gargoyle (Vaults:5)
  9 ironheart preservers
  6 very ugly things
  An entropy weaver (Vaults:3)
  11 deep elf demonologists
  8 stone giants
  2 green draconians
  4 black draconians
  A vampire knight (Depths:2)
  11 deep elf annihilators
  A purple draconian (Depths:5)
  2 dire elephants (Lair:6)
  12 yellow draconians
  Azrael (Elf:2)
  A white draconian (Zot:3)
  2 red draconians
  An orange crystal statue (WizLab)
  A merfolk javelineer (Shoals:2)
  15 deep elf death magi
  A minotaur (Lab)
  9 ettins
  5 merfolk impalers
  11 yaktaur captains
  3 fire dragons
  4 great orbs of eyes
  Erolcha (Orc:1)
  8 deep elf high priests
  The ghost of ohad the Fencer, a journeyman MiGl of Makhleb (D:11)
  3 rakshasas
  8 hydras
  15 ice dragons
  34 vault guards
  Fannar (D:12)
  9 naga warriors
  8 centaur warriors
  11 anacondas
  38 two-headed ogres
  A catoblepas (Lair:5)
  4 merfolk avatars
  2 death knights
  6 deep troll earth magi
  4 merfolk aquamancers
  22 dancing weapons
  10 ogre magi
  13 naga sharpshooters
  6 death yaks (Lair:4)
  2 spriggan berserkers (Depths:5)
  3 vampire magi
  5 shock serpents
  2 sun demons (Zot:2)
  5 orc high priests (Orc:2)
  2 soul eaters
  20 deep elf knights
  6 thrashing horrors (Abyss:3)
  3 wretched stars (Abyss:3)
  A sixfirhy (Zot:2)
  7 salamander mystics
  3 shadow wraiths
  3 hell knights (Depths:2)
  The ghost of neds the Charlatan, a novice GnAr (D:7)
  13 sea snakes
  2 glowing orange brains
  3 unseen horrors
  17 deep trolls
  7 wizards
  3 naga ritualists
  15 deep elf archers
  2 flayed ghosts (Vaults:5)
  8 harpies
  A lindwurm (shapeshifter) (Vaults:4)
  20 ironbrand convokers
  A wolf spider zombie (D:14)
  4 lindwurms (Snake:4)
  14 orc knights
  7 phantasmal warriors
  24 ugly things
  13 mana vipers
  7 necromancers
  A frost giant zombie (Vaults:4)
  2 oklob plants (Zot:3)
  A stone giant zombie (Vaults:3)
  11 fauns (Shoals:2)
  A tengu skeleton (Vaults:4)
  3 orc sorcerers
  A sphinx zombie (Vaults:3)
  68 deep elf magi
  6 wolf spiders
  8 moths of wrath
  10 salamanders
  5 merfolk sirens
  A worldbinder (Abyss:3)
  A centaur zombie (D:14)
  27 elephants
  8 guardian serpents
  9 manticores
  2 ice statues (IceCv)
  A black mamba (shapeshifter) (Vaults:3)
  38 black mambas
  11 cyclopes
  A moth of wrath (shapeshifter) (Depths:2)
  23 naga magi
  6 water nymphs
  A smoke demon (Abyss:3)
  11 vault sentinels
  11 spiny frogs
  The ghost of tidbits the Insei, a novice GnTm of Cheibriados (D:5)
  A hellion (Zot:1)
  3 efreet
  9 rime drakes
  A gargoyle (D:13)
  43 yaktaurs
  A yaktaur (shapeshifter) (D:13)
  A tormentor (D:7)
  7 freezing wraiths
  8 komodo dragons
  An ice devil (D:11)
  2 ancient zymes (Abyss:3)
  3 hellwings (D:15)
  6 red devils
  4 tengu conjurers
  5 hornets
  12 trolls
  2 polar bears
  32 merfolk
  6 wind drakes
  A shadow dragon simulacrum (Vaults:3)
  A fire giant simulacrum (Vaults:1)
  30 slime creatures
  8 blink frogs
  9 snapping turtles
  7 dream sheep
  11 hippogriffs
  An ettin zombie (Vaults:4)
  4 flying skulls
  A ynoxinul (Zot:1)
  3 wraiths
  An air elemental (Elf:2)
  7 large abominations
  2 shadows (Abyss:3)
  11 water elementals
  32 yaks
  5 wyverns
  3 fire elementals
  7 spriggans
  5 basilisks
  2 golden eyes (shapeshifter)
  A hog (shapeshifter) (Vaults:3)
  2 neqoxecs
  A steam dragon (D:8)
  A chaos spawn (Zot:1)
  40 nagas
  3 hungry ghosts
  Menkaure (D:6)
  4 wargs
  3 vampire mosquitoes (D:13)
  11 water moccasins
  A warg (shapeshifter) (Vaults:1)
  A soldier ant (shapeshifter) (Elf:3)
  2 acid dragons (Vaults:1)
  12 porcupines
  3 hell hounds (Elf:2)
  A floating eye (shapeshifter) (Vaults:5)
  Duvessa (D:7)
  18 ice beasts
  2 swamp drakes
  10 sky beasts
  3 black bears
  53 orc warriors
  41 ogres
  4 phantoms
  17 boggarts
  4 wolves (Lair:5)
  A human skeleton (Vaults:4)
  14 centaurs
  24 crocodiles
  A crocodile (shapeshifter) (Vaults:2)
  A big kobold (D:11)
  An elf zombie (Elf:1)
  11 bullfrogs
  A bullfrog (shapeshifter) (Vaults:5)
  A water moccasin zombie (D:8)
  5 earth elementals
  Dowan (D:7)
  3 scorpions
  14 killer bees
  4 human simulacra
  3 wights (D:13)
  3 electric eels
  7 howler monkeys
  7 crimson imps
  7 hounds
  A yaktaur simulacrum (Vaults:1)
  4 quasits
  30 orc priests
  4 bullfrog skeletons
  22 jellies
  29 orc wizards
  2 iron imps
  2 centaur skeletons
  10 iguanas
  12 worker ants
  A killer bee zombie (D:7)
  12 small abominations
  An ogre skeleton (Lab)
  A hound skeleton (D:4)
  13 adders
  9 gnolls
  A howler monkey skeleton (D:11)
  3 shadow imps
  14 white imps
  An ooze (D:1)
  An adder zombie (D:5)
  3 adder skeletons
  6 worms
  4 dart slugs
  13 leopard geckos
  137 orcs
  8 bats
  5 giant cockroaches
  12 goblins
  8 hobgoblins
  10 jackals
  5 quokkas
  12 frilled lizards
  2 jackal skeletons
  17 kobolds
  2 quokka skeletons
  7 rats
  A spectral orc (D:9)
  9 crawling corpses
  5 fungi
  12 plants
  A starspawn tentacle (Abyss:3)
  3 tentacles (Shoals:2)
  4 toadstools (D:1)
2122 creatures vanquished.

Vanquished Creatures (collateral kills)
  A death cob (Zot:5)
  A gargoyle (D:12)
  A rust devil (Zot:5)
  A spiny frog (Lair:3)
  An orc warrior (D:11)
  2 killer bees (D:11)
  A howler monkey (D:11)
8 creatures vanquished.

Vanquished Creatures (others)
  2 nagarajas
  A deep elf sorcerer (Elf:3)
  5 merfolk javelineers
  A great orb of eyes (Depths:1)
  A two-headed ogre (Vaults:1)
  A satyr (Shoals:2)
  4 naga sharpshooters
  A deep elf knight (Elf:1)
  3 deep elf archers
  A wizard (D:4)
  A cyclops (Shoals:1)
  A black mamba (Snake:4)
  A naga mage (Snake:4)
  2 yaktaurs
  A water elemental (Depths:3)
  2 orc warriors
  A boggart (Vaults:3)
  5 centaurs
  2 crocodiles (Lair:5)
  A howler monkey (D:11)
  An orc wizard (Orc:1)
  A leopard gecko (Lair:5)
  2 orcs (D:11)
  3 frilled lizards (Lair:5)
  10 kobolds (Bailey)
  16 fungi
  13 plants
  4 starspawn tentacles (Abyss:3)
  4 tentacles (Shoals:2)
91 creatures vanquished.

Grand Total: 2221 creatures vanquished

Notes
Turn   | Place    | Note
-------+----------+-------------------------------------------
     0 | D:1      | kuniqs the Deep Dwarf Fighter began the quest for the Orb.
     0 | D:1      | Reached XP level 1. HP: 20/20 MP: 1/1
   322 | D:1      | Reached XP level 2. HP: 25/27 MP: 2/2
   553 | D:1      | Reached skill level 1 in Dodging
   619 | D:1      | Reached skill level 3 in Fighting
   619 | D:1      | Reached XP level 3. HP: 24/34 MP: 3/3
  1217 | D:2      | Found a sacrificial altar of Ru.
  1233 | D:2      | Reached XP level 4. HP: 40/42 MP: 4/4
  1413 | D:2      | Found a shimmering altar of Xom.
  1414 | D:2      | Found a glowing golden altar of the Shining One.
  1421 | D:2      | Found an ancient bone altar of Kikubaaqudgha.
  1422 | D:2      | Found a snail-covered altar of Cheibriados.
  1426 | D:2      | Found a stormy altar of Qazlal.
  1814 | D:3      | Reached XP level 5. HP: 43/49 MP: 5/5
  2121 | D:3      | Noticed an ogre
  2126 | D:3      | Killed an ogre
  2126 | D:3      | Reached XP level 6. HP: 40/57 MP: 6/6
  2659 | D:4      | Reached skill level 4 in Fighting
  2676 | D:4      | Found a bloodstained altar of Trog.
  2677 | D:4      | Noticed a wizard
  2683 | D:4      | Killed a wizard
  2762 | D:4      | Reached XP level 7. HP: 39/64 MP: 6/6
  2874 | D:4      | Reached skill level 5 in Armour
  2874 | D:4      | Reached skill level 5 in Shields
  3206 | D:5      | Entered Level 5 of the Dungeon
  3206 | D:5      | Noticed tidbits's ghost (novice GnTm)
  3230 | D:5      | Killed tidbits's ghost
  3323 | D:5      | Found Qeepneisk's Weapon Emporium.
  3338 | D:5      | Reached XP level 8. HP: 47/73 MP: 7/7
  3348 | D:5      | Reached skill level 5 in Axes
  3367 | D:5      | Bought a +0 broad axe for 48 gold pieces
  3706 | D:6      | Reached skill level 5 in Fighting
  3774 | D:6      | Reached skill level 5 in Dodging
  4161 | D:6      | Noticed Menkaure
  4164 | D:6      | Killed Menkaure
  4172 | D:6      | Found a burning altar of Makhleb.
  4182 | D:6      | Became a worshipper of Makhleb the Destroyer
  4325 | D:6      | Found a staircase to the Ecumenical Temple.
  4371 | D:6      | Reached skill level 1 in Invocations
  4396 | D:6      | Gained mutation: You passively map the area around you. [Deep Dwarf growth]
  4396 | D:6      | Reached XP level 9. HP: 75/81 MP: 7/9
  4519 | D:7      | Found a blossoming altar of Fedhas.
  4522 | D:7      | Noticed neds's ghost (novice GnAr)
  4530 | D:7      | Noticed Duvessa
  4534 | D:7      | Noticed Dowan
  4548 | D:7      | Killed Dowan
  4551 | D:7      | Killed Duvessa
  4553 | D:7      | Killed neds's ghost
  4627 | D:7      | Reached * piety under Makhleb
  4631 | D:7      | Reached skill level 6 in Fighting
  4639 | D:7      | Found an ornate altar of the Wu Jian Council.
  5843 | D:8      | Reached XP level 10. HP: 67/92 MP: 11/11
  5885 | D:8      | Paralysed by a hornet for 3 turns
  6106 | D:8      | Reached ** piety under Makhleb
  6106 | D:8      | Reached skill level 5 in Invocations
  6152 | D:8      | Found a staircase to the Lair.
  6260 | D:8      | Noticed a two-headed ogre
  6277 | D:8      | Killed a two-headed ogre
  6627 | D:8      | Reached skill level 7 in Fighting
  6668 | D:9      | Noticed a two-headed ogre
  6682 | D:9      | Killed a two-headed ogre
  6691 | D:9      | Noticed a red ugly thing
  6744 | D:9      | Killed a white ugly thing
  6813 | D:9      | Reached XP level 11. HP: 93/100 MP: 6/6
  6837 | D:9      | Found Gosevix's Armour Boutique.
  6869 | D:9      | Found Xaheiff's Jewellery Emporium.
  6876 | D:9      | Bought a +3 amulet of reflection for 172 gold pieces
  6876 | D:9      | Bought a +3 ring of protection for 231 gold pieces
  7037 | D:9      | Found a basalt altar of Yredelemnul.
  7140 | D:9      | Found a shattered altar of Ashenzari.
  7144 | D:9      | Saw a vision of the Shoals and the Snake Pit.
  7144 | D:9      | Noticed a sea snake
  7144 | D:9      | Noticed a naga sharpshooter
  7144 | D:9      | Noticed a sea snake
  7145 | D:9      | Noticed a naga warrior
  7146 | D:9      | Noticed a sea snake
  7146 | D:9      | Noticed a sea snake
  7181 | D:9      | Reached *** piety under Makhleb
  7224 | D:10     | Entered Level 10 of the Dungeon
  7432 | D:10     | Paralysed by a hornet for 2 turns
  7746 | D:10     | Noticed a centaur warrior
  7755 | D:10     | Killed a centaur warrior
  7900 | D:10     | Noticed a two-headed ogre
  7913 | D:10     | Killed a two-headed ogre
  8203 | D:11     | Noticed ohad's ghost (journeyman MiGl)
  8226 | D:11     | Killed ohad's ghost
  8226 | D:11     | Reached skill level 8 in Fighting
  8448 | D:11     | Found a labyrinth entrance.
  8457 | Lab      | Entered a labyrinth
  8601 | Lab      | Noticed a minotaur
  8631 | Lab      | Killed a minotaur
  8646 | Lab      | Got a jewelled chain mail
  8646 | Lab      | Got a pitted ring mail
  8671 | D:11     | Identified the +1 ring mail "Gadoria" {Str+10 Dex+4 Slay-4} (You found it in a labyrinth)
  8682 | D:11     | Identified the cursed +0 chain mail of the Hanged Man {Int+2} (You found it in a labyrinth)
  8737 | D:11     | Reached **** piety under Makhleb
  8766 | D:11     | Noticed a phantasmal warrior
  8784 | D:11     | Noticed a death knight
  8800 | D:11     | Killed a death knight
  8800 | D:11     | Reached XP level 12. HP: 60/112 MP: 4/4
  8842 | D:11     | Reached skill level 10 in Armour
  8842 | D:11     | Reached skill level 10 in Shields
  8946 | D:11     | Noticed a two-headed ogre
  8964 | D:11     | Killed a two-headed ogre
  9446 | D:11     | Found a staircase to the Orcish Mines.
  9660 | Lair:1   | Entered Level 1 of the Lair of Beasts
  9895 | Lair:1   | Reached skill level 10 in Invocations
 10626 | Lair:2   | Reached ***** piety under Makhleb
 11286 | Lair:3   | Identified a scroll of acquirement
 11585 | Lair:3   | Found a staircase to the Shoals.
 11602 | Lair:3   | Reached XP level 13. HP: 104/118 MP: 7/7
 11703 | Lair:3   | Found a staircase to the Snake Pit.
 12301 | Lair:4   | Reached skill level 10 in Axes
 12428 | Lair:4   | Reached skill level 9 in Fighting
 12429 | Lair:4   | Reached skill level 10 in Dodging
 13024 | Lair:5   | Found a staircase to the Slime Pits.
 13905 | Lair:5   | Reached ****** piety under Makhleb
 14122 | Lair:6   | Entered Level 6 of the Lair of Beasts
 14131 | Lair:6   | Gained mutation: You resist negative energy. (rN+) [Deep Dwarf growth]
 14131 | Lair:6   | Reached XP level 14. HP: 129/129 MP: 7/7
 14570 | Lair:6   | Reached skill level 10 in Fighting
 15770 | Orc:1    | Entered Level 1 of the Orcish Mines
 15939 | Orc:1    | Noticed an orc warlord
 15984 | Orc:1    | Killed an orc warlord
 16499 | Orc:2    | Entered Level 2 of the Orcish Mines
 16503 | Orc:2    | Noticed a stone giant
 16514 | Orc:2    | Killed a stone giant
 16530 | Orc:2    | Found a staircase to the Elven Halls.
 16679 | Orc:2    | Found a frozen archway.
 16704 | IceCv    | Entered an ice cave
 17488 | Orc:2    | Found Heegutow's Antique Armour Shop.
 17488 | Orc:2    | Found Jingieff's Assorted Antiques.
 17488 | Orc:2    | Found Ytrutul's Jewellery Boutique.
 17488 | Orc:2    | Found Ciasoufoj's Magic Scroll Shop.
 17531 | Orc:1    | Found a roughly hewn altar of Beogh.
 17539 | Orc:1    | Noticed Erolcha
 17547 | Orc:1    | Killed Erolcha
 17547 | Orc:1    | Reached XP level 15. HP: 120/140 MP: 3/3
 17929 | Orc:2    | Bought a pair of embroidered boots for 187 gold pieces
 17929 | Orc:2    | Bought a bone ring for 125 gold pieces
 17929 | Orc:2    | Bought a smoking silver ring for 125 gold pieces
 17945 | Orc:2    | Identified the ring "Neroekk" {+Fly Int+2 Slay+5} (You bought it in a shop on level 2 of the Orcish Mines)
 18482 | D:12     | Noticed Rupert
 18514 | D:12     | Killed Rupert
 18753 | D:12     | Noticed Fannar
 18761 | D:12     | Killed Fannar
 19083 | D:13     | Reached skill level 11 in Fighting
 19168 | D:13     | Found Kyno's Antique Weapon Shoppe.
 19597 | D:14     | Found a shadowy altar of Dithmenos.
 19781 | D:14     | Found a flagged portal.
 19790 | Bailey   | Entered a bailey
 20195 | D:14     | Reached skill level 15 in Invocations
 20345 | D:14     | Found a gate to the Vaults.
 20972 | D:15     | Entered Level 15 of the Dungeon
 21017 | D:15     | Reached XP level 16. HP: 151/151 MP: 4/4
 21517 | D:15     | Found a staircase to the Depths.
 21857 | Snake:1  | Entered Level 1 of the Snake Pit
 21925 | Snake:1  | Found Pinanum's Magic Scroll Emporium.
 23379 | Snake:2  | Reached skill level 12 in Fighting
 23634 | Snake:3  | Noticed Nikola
 23657 | Snake:3  | Killed Nikola
 24010 | Snake:3  | Reached XP level 17. HP: 159/159 MP: 6/6
 24340 | Snake:4  | Entered Level 4 of the Snake Pit
 24753 | Snake:4  | Cast into level 3 of the Abyss (nagaraja)
 24809 | Abyss:3  | Found a corrupted altar of Lugonu.
 25067 | Snake:4  | Escaped the Abyss
 25327 | Snake:4  | Gained mutation: You passively map a large area around you. [Deep Dwarf growth]
 25327 | Snake:4  | Reached XP level 18. HP: 170/170 MP: 7/7
 25339 | Snake:4  | Reached skill level 15 in Shields
 25347 | Snake:4  | Reached skill level 15 in Armour
 25388 | Snake:4  | Reached skill level 13 in Fighting
 25395 | Snake:4  | Got a serpentine rune of Zot
 25526 | Snake:4  | Noticed Vashnia
 25547 | Snake:4  | Killed Vashnia
 25547 | Snake:4  | Reached skill level 15 in Axes
 25878 | Shoals:1 | Entered Level 1 of the Shoals
 26143 | Shoals:1 | Noticed Louise
 26184 | Shoals:1 | Killed Louise
 26792 | Shoals:2 | Reached skill level 15 in Dodging
 28354 | Shoals:4 | Entered Level 4 of the Shoals
 28511 | Shoals:4 | Reached XP level 19. HP: 180/180 MP: 8/8
 28536 | Shoals:4 | Got a barnacled rune of Zot
 28613 | Shoals:4 | Found the brooch of Shielding {Reflect SH+8}
 28666 | Shoals:4 | Found Fijeehex's Food Emporium.
 28865 | Shoals:4 | Got a ring of the Octopus King
 28867 | Shoals:4 | Identified a ring of the Octopus King {AC+1 EV+1 Str+1 Int+1 Dex+1 Stlth+} (You took it off a merfolk on level 4 of the Shoals)
 29042 | Shoals:4 | Noticed Ilsuiw
 29057 | Shoals:4 | Killed Ilsuiw
 29526 | Elf:1    | Entered Level 1 of the Elven Halls
 29758 | Elf:1    | Noticed Roxanne
 29793 | Elf:1    | Killed Roxanne
 29815 | Elf:1    | Identified Roxanne's Papyrus of Clay (You took it off Roxanne on level 1 of the Elven Halls)
 30050 | Elf:1    | Noticed Donald
 30063 | Elf:1    | Killed Donald
 30241 | Elf:1    | Noticed Aizul
 30272 | Elf:1    | HP: 9/181 [Aizul (37)]
 30289 | Elf:1    | Killed Aizul
 30637 | Elf:2    | Found Haoquz's General Store.
 30663 | Elf:2    | Reached skill level 14 in Fighting
 30724 | Elf:2    | Found a huge runed gate.
 30728 | Elf:2    | Found a huge runed gate.
 30728 | Elf:2    | Found a huge runed gate.
 30728 | Elf:2    | Found a huge runed gate.
 30740 | Elf:2    | Found a huge runed gate.
 30968 | Elf:2    | Noticed Agnes
 30978 | Elf:2    | Killed Agnes
 30984 | Elf:2    | Identified the cursed +0 plate armour of Xinaet Anomn {+Blink} (You found it on level 2 of the Elven Halls)
 31281 | Elf:2    | Noticed Azrael
 31288 | Elf:2    | Killed Azrael
 31422 | Elf:2    | Found Gownoehasa's Gadget Shop.
 31423 | Elf:2    | Found Rusko's Jewellery Shoppe.
 31424 | Elf:2    | Found Wazat's Gadget Shop.
 31455 | Elf:3    | Entered Level 3 of the Elven Halls
 31711 | Elf:3    | Found the +9 sword of Zonguldrok {reap}
 31803 | Elf:3    | Identified the +8 chain mail of Mezcal {Str+5 Stlth+} (You found it on level 3 of the Elven Halls)
 31863 | Elf:3    | Noticed a Brimstone Fiend
 31910 | Elf:3    | Reached XP level 20. HP: 135/192 MP: 5/5
 31986 | Elf:3    | Gained mutation: You tend to lose your temper in combat. [a neqoxec]
 32004 | Elf:3    | Lost mutation: You tend to lose your temper in combat. [potion of mutation]
 32004 | Elf:3    | Gained mutation: Potions are less effective at restoring your health. [potion of mutation]
 32004 | Elf:3    | Gained mutation: You have large cloven feet. [potion of mutation]
 32038 | Elf:3    | Found the amulet of the Air {Inacc +Fly rElec EV+5 RMsl}
 32198 | Elf:3    | Got a scintillating jade amulet
 32215 | Elf:3    | Identified the Catalogue of Beguiling and Moulding
 32270 | Elf:3    | Identified the amulet of Exytiot {+Rage rC+} (You took it off a deep elf knight on level 3 of the Elven Halls)
 32672 | Elf:3    | Found Gitooce's Antique Weapon Boutique.
 32862 | Orc:2    | Bought a scroll of enchant armour for 112 gold pieces
 32862 | Orc:2    | Bought a scroll of enchant armour for 112 gold pieces
 33095 | Vaults:1 | Entered Level 1 of the Vaults
 33271 | Vaults:1 | Reached skill level 15 in Fighting
 33800 | Vaults:1 | Reached XP level 21. HP: 201/201 MP: 6/6
 35067 | Vaults:2 | Found Gyzeyfue's Antique Weapon Boutique.
 35353 | Vaults:3 | Found Ahalofoesa's Magic Scroll Shop.
 35360 | Vaults:3 | Bought a scroll of enchant armour for 97 gold pieces
 35360 | Vaults:3 | Bought a scroll of enchant armour for 97 gold pieces
 35360 | Vaults:3 | Bought a scroll of enchant armour for 97 gold pieces
 35360 | Vaults:3 | Bought a scroll of magic mapping for 45 gold pieces
 35482 | Vaults:3 | Noticed Xtahua
 35491 | Vaults:3 | Killed Xtahua
 35602 | Vaults:3 | Found a magical portal.
 35612 | WizLab   | Entered Wucad Mu's Monastery
 35684 | WizLab   | Found the +9 staff of Wucad Mu {channel}
 35726 | WizLab   | Reached XP level 22. HP: 211/211 MP: 3/7
 36019 | Vaults:3 | Found a staircase to the Crypt.
 36122 | Vaults:3 | Found a radiant altar of Vehumet.
 36143 | Vaults:3 | Found the +3 hat of Pondering {ponderous, MR+ MP+10 Int+5}
 36573 | Vaults:3 | Noticed Bai Suzhen
 36591 | Vaults:3 | Killed Bai Suzhen
 36614 | Vaults:3 | Reached skill level 16 in Fighting
 36963 | Vaults:4 | Noticed Jory
 37001 | Vaults:4 | Killed Jory
 37412 | Vaults:4 | Reached XP level 23. HP: 222/222 MP: 7/7
 37850 | Vaults:4 | Found Saha's Magic Scroll Shop.
 37856 | Vaults:4 | Bought a scroll of enchant armour for 165 gold pieces
 37856 | Vaults:4 | Bought a scroll of enchant weapon for 165 gold pieces
 38036 | Vaults:5 | Entered Level 5 of the Vaults
 38048 | Vaults:5 | Reached skill level 17 in Fighting
 38187 | Vaults:5 | Noticed an ancient lich
 38216 | Vaults:5 | Killed an ancient lich
 38527 | Vaults:5 | Got a silver rune of Zot
 38563 | Vaults:5 | Reached skill level 18 in Fighting
 38928 | Vaults:5 | Reached XP level 24. HP: 231/238 MP: 7/7
 39940 | Depths:1 | Entered Level 1 of the Depths
 40164 | Depths:1 | Found a gateway to Hell.
 40203 | Depths:2 | Reached skill level 19 in Fighting
 40373 | Depths:2 | Identified the +1 cloak of Pragmatism {Str+2} (You acquired it on level 2 of the Depths)
 40375 | Depths:2 | Identified the -1 pair of gloves of Limitation {*Slow rPois rF+++ rN+} (You acquired it on level 2 of the Depths)
 40599 | Depths:4 | Reached skill level 20 in Fighting
 40604 | Depths:4 | Found a one-way gate to the infinite horrors of the Abyss.
 40622 | Depths:5 | Entered Level 5 of the Depths
 40622 | Depths:5 | Noticed Nr616's ghost (veteran MiBe)
 40656 | Depths:5 | Killed Nr616's ghost
 40685 | Depths:5 | Found Duffop's Armour Emporium.
 40691 | Depths:5 | Bought the cursed +0 pair of boots of Hedonism {Slay+2} for 185 gold pieces
 40785 | Depths:5 | Found a gate to the Realm of Zot.
 40813 | Zot:1    | Entered Level 1 of the Realm of Zot
 40999 | Zot:3    | Reached XP level 25. HP: 202/255 MP: 7/7
 41054 | Zot:3    | Reached skill level 21 in Fighting
 41369 | Zot:5    | Entered Level 5 of the Realm of Zot
 41418 | Zot:5    | Reached skill level 22 in Fighting
 41569 | Zot:5    | Noticed an ancient lich
 41582 | Zot:5    | Noticed an ancient lich
 41583 | Zot:5    | Noticed an orb of fire
 41586 | Zot:5    | Killed an ancient lich
 41589 | Zot:5    | Gained mutation: You are clumsy. (Dex -2) [an orb of fire]
 41597 | Zot:5    | Gained mutation: You are occasionally teleported next to monsters. [an orb of fire]
 41602 | Zot:5    | Killed an ancient lich
 41606 | Zot:5    | Killed an orb of fire
 41607 | Zot:5    | Lost mutation: You are clumsy. (Dex -2) [potion of mutation]
 41607 | Zot:5    | Gained mutation: You are partially covered in molten scales. (AC +2) [potion of mutation]
 41607 | Zot:5    | Lost mutation: You have large cloven feet. [potion of mutation]
 41607 | Zot:5    | Gained mutation: You have an increased reservoir of magic. (+10% MP) [potion of mutation]
 41608 | Zot:5    | Lost mutation: You are partially covered in molten scales. (AC +2) [potion of mutation]
 41608 | Zot:5    | Lost mutation: You have an increased reservoir of magic. (+10% MP) [potion of mutation]
 41608 | Zot:5    | Lost mutation: Potions are less effective at restoring your health. [potion of mutation]
 41608 | Zot:5    | Gained mutation: You occasionally shout uncontrollably at your foes. [potion of mutation]
 41608 | Zot:5    | Gained mutation: Your flesh is cold resistant. (rC+) [potion of mutation]
 41608 | Zot:5    | Gained mutation: Armour fits poorly on your strangely shaped body. [potion of mutation]
 41608 | Zot:5    | Gained mutation: You have a pair of small antennae on your head. [potion of mutation]
 41609 | Zot:5    | Lost mutation: Your flesh is cold resistant. (rC+) [potion of mutation]
 41609 | Zot:5    | Lost mutation: You have a pair of small antennae on your head. [potion of mutation]
 41609 | Zot:5    | Lost mutation: You are occasionally teleported next to monsters. [potion of mutation]
 41609 | Zot:5    | Lost mutation: You occasionally shout uncontrollably at your foes. [potion of mutation]
 41609 | Zot:5    | Gained mutation: You are clumsy. (Dex -2) [potion of mutation]
 41609 | Zot:5    | Gained mutation: Your mind is acute. (Int +2) [potion of mutation]
 41609 | Zot:5    | Gained mutation: Your spells are a little harder to cast, but a little more powerful. [potion of mutation]
 41635 | Zot:5    | Reached skill level 23 in Fighting
 41679 | Zot:5    | Got the Orb of Zot
 41740 | Zot:5    | Reached XP level 26. HP: 274/274 MP: 6/6
 41751 | Zot:5    | Noticed an ancient lich
 41767 | Zot:5    | Noticed an ancient lich
 41772 | Zot:5    | Killed an ancient lich
 41790 | Zot:5    | Killed an ancient lich
 41953 | Zot:1    | Noticed a seraph
 41971 | Zot:1    | Killed a seraph
 41971 | Zot:1    | Reached skill level 24 in Fighting
 41992 | Zot:1    | Noticed Omulo the pandemonium lord
 42026 | Zot:1    | Killed Omulo the pandemonium lord
 42424 | D:11     | Noticed Wizat the pandemonium lord
 42449 | D:11     | Noticed Juoseonau the pandemonium lord
 42450 | D:11     | Killed Wizat the pandemonium lord
 42458 | D:11     | Gained mutation: You are weak. (Str -2) [a cacodemon]
 42465 | D:11     | Killed Juoseonau the pandemonium lord
 42642 | D:$      | Escaped with the Orb!

Vault maps used:
D:1:      ldierk_water_garden, minmay_tromino_v7
D:2:      minitemple, nicolae_ru_sacrificial_ziggurat, first_ration,
          minmay_misc_feat_tiny, guppyfry_early_orc_mine
D:3:      corexii_hall_statues_i
D:4:      minivault_1, st_stairs_5, trog_wizard
D:5:      serial_shops, nicolae_shop_window_shopping
D:6:      bloody_makhleb, temple_fountains, lightli_orcish_oven, uniq_menkaure
D:7:      lemuel_crystal_altar, lemuel_crystal_altar, uniq_duvessa
D:8:      wad_river_or_something, erik_lair_dragon
D:9:      yredelemnul_forgotten_temple_becter, serial_shops,
          nicolae_shop_crystal, shop, the_bakery, grunt_ashenzari_visionary
D:11:     erik_orc_2, lab_entry_generic
D:12:     serial_bayou, serial_bayou_crossing, serial_bayou_pond_e,
          serial_bayou_ford_a, serial_bayou_pond_c, uniq_fannar, uniq_rupert
D:13:     serial_shops, shop
D:14:     grunt_vaults_entry_fortified, enter_bailey_2, lemuel_statue_altar
D:15:     grunt_enter_depths_magical_seal, small_statue_intersection
Lair:1:   columned_hall_lemuel
Lair:2:   kb_forest_paths, serial_bayou_lagoon_a
Lair:3:   minmay_shoals_entry_centaurs, minmay_snake_entry_guardpost_small,
          lemuel_fruit_tree, grunt_megastairs_2
Lair:5:   lemuel_reptile_caves, minmay_slime_entry_pillars, grunt_megastairs_3
Lair:6:   due_jungle_book, minmay_lair_oklob_chamber
Shoals:1: cheibrodos_shoals_gigantism, uniq_louise
Shoals:4: shoals_end_simple, shoals_ilsuiw_ice, serial_shops,
          nicolae_shop_competitors_out_of_business
Snake:1:  serial_shops, shop
Snake:3:  serial_bayou_shore_a, serial_bayou_shore_b, uniq_nikola
Snake:4:  snake_pit_salamanders_mu, uniq_vashnia
Orc:1:    basic_altar, nicolae_orc_rockfall, hangedman_minor_magic, uniq_erolcha
Orc:2:    st_orc_pillars, portal_ice_cave_entry_imps
Elf:1:    elf_arrival_001, minmay_elf_necromancy, uniq_donald, uniq_roxanne,
          uniq_aizul
Elf:2:    serial_shops, shop, spider_trap, minmay_shop_grove, uniq_agnes,
          uniq_azrael
Elf:3:    minmay_elf_hall_hex, serial_shops, shop, grunt_ministairs_12
Vaults:1: ontoclasm_vaults_hangar, ontoclasm_vaults_idyll,
          hangedman_vaults_pinch, st_hourglassy, ontoclasm_vaults_ring_small,
          v_rooms_4, hangedman_vaults_river_flow, v_misc_19,
          hangedman_vaults_stitches, nicolae_vaults_little_squares_1,
          grunt_vaults_swirl
Vaults:2: st_more_cells, nicolae_vaults_little_squares_3,
          hangedman_vaults_locks, v_misc_14, hangedman_vaults_slice,
          ontoclasm_vaults_shuriken, v_misc_30, serial_shops,
          nicolae_shop_statue_plus
Vaults:3: ontoclasm_vaults_bender, grunt_tower_of_power, v_misc_1,
          minmay_crypt_entry_simple_round, v_misc_12, ontoclasm_vaults_twist,
          nicolae_vaults_shelves_hall, nicolae_vaults_little_squares_3,
          hangedman_vaults_maws, hangedman_vaults_cutoff, serial_glass,
          serial_shops, nicolae_shop_competitors_out_of_business,
          infiniplex_enter_wizlab_water, uniq_bai_suzhen, uniq_xtahua
Vaults:4: nicolae_vaults_border_crossing, ontoclasm_vaults_eye, v_misc_9,
          vaults_room_pool, serial_shops, shop, uniq_jory
Vaults:5: serial_shops
Depths:1: hell_entry, minmay_misc_feat_room, minmay_misc_feat_diagonals,
          minmay_the_grid_2x2
Depths:2: grunt_house_of_mirrors, hellmouth_1, serial_column_ruins,
          column_ruins_hut, column_ruins_columns_T, column_ruins_grid_1,
          column_ruins_open_tiny, column_ruins_columns_straight,
          column_ruins_corridor_corner, tso_metal_star
Depths:3: kennysheep_treasure_stockpile, enter_ziggurat_f,
          rand_demon_pan_entry_9, hell_entry, bh_chokoban,
          kennysheep_underground_church
Depths:4: abrahamwl_protected_by_tso_2, serial_curves, eino_curves_04,
          eino_curves_04, eino_curves_04, serial_shops, kennysheep_mini_moat,
          shop, nicolae_shop_overgrown_old_shop, shop, hell_entry,
          nicolae_abyss_entry_one_way_or_another, small_statue_intersection
Depths:5: grunt_zot_entry_bicorn, grunt_hell_entry_dis_mu,
          basic_stair_grate_trap, minmay_shop_star, uniq_enchantress,
          uniq_mennas
Zot:1:    grunt_megastairs_1, uniq_tiamat
Zot:2:    st_single_dragon_hoard_3
Zot:3:    lemuel_acid_trip
Abyss:3:  evilmike_abyss_exit_glass, hangedman_illusive_loot,
          nicolae_abyss_rune_left_handed, hangedman_abyss_or_decor_stagger,
          evilmike_abyss_exit_10
Lab:      nicolae_lab_swirl, labyrinth_skeletal_remains, lab_statue,
          nicolae_lab_statue, nicolae_lab_do_over, nicolae_lab_big_swirl
Bailey:   bailey_axe_4, bailey
IceCv:    ice_cave_small_dragons
WizLab:   wizlab_wucad

Skill      XL: |  1  2  3  4  5  6  7  8  9 10 11 12 13 14 15 16 17 18 19 20 21 22 23 24 25 26 |
---------------+-------------------------------------------------------------------------------+-----
Dodging        | 1 2 3 4 5 6 7 9 10 11 12 13 14 15 16 17 18 19 20 | 20.0
Fighting       | 3 4 5 6 7 8 9 10 11 12 13 14 15 16 18 20 23 24 | 24.5
Axes           | 3 4 6 7 8 9 11 12 13 14 15 16 17 18 | 18.0
Armour         | 4 5 6 7 8 9 10 11 12 13 14 15 16 17 18 19 20 | 20.0
Shields        | 4 5 6 7 8 9 10 11 12 13 14 15 16 17 18 19 20 | 20.0
Invocations    | 1 4 6 7 14 15 16 17 | 17.8

Action                   |  1- 3 |  4- 6 |  7- 9 | 10-12 | 13-15 | 16-18 | 19-21 | 22-24 | 25-27 || total
-------------------------+-------+-------+-------+-------+-------+-------+-------+-------+-------++-------
Melee: War axe           |   147 |   139 |       |       |       |       |       |       |       ||   286
       Morningstar       |       |    80 |    95 |       |       |       |       |       |       ||   175
       Flail             |       |       |    22 |       |       |       |       |       |       ||    22
       Broad axe         |       |       |   383 |  1026 |  1978 |  1487 |  1329 |  1568 |   715 ||  8486
       Scimitar          |       |       |       |   164 |   142 |       |       |       |       ||   306
Invok: Lesser Servant of |       |       |       |     3 |     5 |     4 |       |       |       ||    12
       Greater Servant o |       |       |       |       |       |       |       |       |     2 ||     2
 Abil: Heal Wounds       |     1 |     2 |     9 |    41 |    24 |     2 |    10 |     1 |    25 ||   115
Evoke: Wand              |       |       |       |    30 |     7 |       |     1 |     7 |     4 ||    49
  Use: Scroll            |       |       |    11 |    12 |    16 |     9 |    11 |    13 |    15 ||    87
       Potion            |       |       |       |       |     1 |     2 |     7 |     1 |    23 ||    34
 Stab: Distracted        |       |       |       |     1 |     3 |     1 |       |     1 |       ||     6
       Petrified         |       |       |       |       |     6 |       |       |       |       ||     6
       Confused          |       |       |       |       |     3 |       |       |       |       ||     3
       Petrifying        |       |       |       |       |     3 |       |       |       |       ||     3
       Sleeping          |       |       |       |       |       |       |     1 |       |       ||     1
  Eat: Chunk             |     1 |     6 |     8 |    27 |    35 |    24 |    18 |    19 |       ||   138
       Ration            |       |       |     1 |     1 |       |     1 |     2 |     3 |       ||     8
Armor: Scale mail        |    78 |    94 |       |       |       |       |       |       |       ||   172
       Chain mail        |       |    31 |       |   227 |   933 |   562 |   256 |   320 |    24 ||  2353
       Plate armour      |       |    20 |   378 |   453 |       |       |       |       |       ||   851
       Gold dragon scale |       |       |       |       |       |       |       |       |   193 ||   193
Dodge: Dodged            |    46 |    71 |   141 |   531 |   824 |   473 |   351 |   769 |   385 ||  3591
       Deflected         |       |       |       |       |       |       |    11 |    36 |    25 ||    72
Block: Shield            |    90 |   142 |   321 |  1123 |    38 |       |       |       |       ||  1714
       Reflection        |       |       |       |    27 |    91 |   232 |    87 |       |       ||   437
       Large shield      |       |       |       |       |  2641 |  1883 |  1307 |  1488 |   762 ||  8081
       Rpst.: Scimitar   |       |       |       |    26 |    25 |       |       |       |       ||    51

Table legend:
 A = Spawn XP
 B = Non-spawn XP
 C = Spawn XP percentage of total XP
 D = Spawn monster count
 E = Non-spawn monster count
 F = Spawn count percentage of total count
 G = Total turns spent on level
                    A         B        C        D         E        F      G
               +---------+---------+-------+---------+---------+-------+---------
         Total |   12293 | 1207229 |   1.0 |      23 |    2069 |   1.1 | 42642
               +---------+---------+-------+---------+---------+-------+---------
           D:1 |       0 |      53 |   0.0 |       0 |      28 |   0.0 |  1101
           D:2 |       0 |      92 |   0.0 |       0 |      25 |   0.0 |   536
           D:3 |       0 |     311 |   0.0 |       0 |      25 |   0.0 |   806
           D:4 |       0 |     445 |   0.0 |       0 |      29 |   0.0 |   837
           D:5 |       0 |     974 |   0.0 |       0 |      22 |   0.0 |   503
           D:6 |       0 |     952 |   0.0 |       0 |      24 |   0.0 |   833
           D:7 |       0 |    1673 |   0.0 |       0 |      25 |   0.0 |   968
           D:8 |       0 |    4261 |   0.0 |       0 |      47 |   0.0 |  1601
           D:9 |       0 |    4550 |   0.0 |       0 |      33 |   0.0 |   612
          D:10 |       0 |    3586 |   0.0 |       0 |      18 |   0.0 |  1033
          D:11 |       0 |    7824 |   0.0 |       0 |      85 |   0.0 |  1471
          D:12 |       0 |   11697 |   0.0 |       0 |      48 |   0.0 |   883
          D:13 |       0 |    7441 |   0.0 |       0 |      29 |   0.0 |   654
          D:14 |       0 |   22462 |   0.0 |       0 |      50 |   0.0 |  1259
          D:15 |       0 |   12300 |   0.0 |       0 |      25 |   0.0 |   807
        Lair:1 |       0 |    3600 |   0.0 |       0 |      14 |   0.0 |   859
        Lair:2 |       0 |    4648 |   0.0 |       0 |      22 |   0.0 |   824
        Lair:3 |       0 |    7133 |   0.0 |       0 |      25 |   0.0 |  1046
        Lair:4 |       0 |    8870 |   0.0 |       0 |      21 |   0.0 |   765
        Lair:5 |       0 |   14239 |   0.0 |       0 |      62 |   0.0 |  1183
        Lair:6 |       0 |   20316 |   0.0 |       0 |      54 |   0.0 |  1409
      Shoals:1 |       0 |   10820 |   0.0 |       0 |      20 |   0.0 |   896
      Shoals:2 |       0 |   27288 |   0.0 |       0 |      48 |   0.0 |   934
      Shoals:3 |       0 |    8768 |   0.0 |       0 |      18 |   0.0 |   694
      Shoals:4 |       0 |   28846 |   0.0 |       0 |      55 |   0.0 |   875
       Snake:1 |       0 |   17319 |   0.0 |       0 |      37 |   0.0 |  1147
       Snake:2 |       0 |   20778 |   0.0 |       0 |      32 |   0.0 |   649
       Snake:3 |       0 |   19750 |   0.0 |       0 |      32 |   0.0 |   780
       Snake:4 |       0 |   70186 |   0.0 |       0 |     100 |   0.0 |  1112
         Orc:1 |       0 |    6202 |   0.0 |       0 |      50 |   0.0 |   878
         Orc:2 |       0 |   13214 |   0.0 |       0 |      94 |   0.0 |  1141
         Elf:1 |       0 |   26693 |   0.0 |       0 |      34 |   0.0 |  1073
         Elf:2 |       0 |   37144 |   0.0 |       0 |      56 |   0.0 |   899
         Elf:3 |       0 |   81385 |   0.0 |       0 |      77 |   0.0 |  1294
      Vaults:1 |       0 |   57609 |   0.0 |       0 |     103 |   0.0 |  1122
      Vaults:2 |       0 |   28908 |   0.0 |       0 |      41 |   0.0 |  1169
      Vaults:3 |       0 |   51478 |   0.0 |       0 |      77 |   0.0 |  1400
      Vaults:4 |       0 |   69677 |   0.0 |       0 |      89 |   0.0 |  1170
      Vaults:5 |       0 |  161916 |   0.0 |       0 |     135 |   0.0 |  1688
      Depths:1 |       0 |   15523 |   0.0 |       0 |      24 |   0.0 |   286
      Depths:2 |       0 |   52058 |   0.0 |       0 |      46 |   0.0 |   381
      Depths:3 |       0 |    1728 |   0.0 |       0 |       2 |   0.0 |    61
      Depths:4 |       0 |    8575 |   0.0 |       0 |       7 |   0.0 |    37
      Depths:5 |       0 |   29901 |   0.0 |       0 |      18 |   0.0 |   235
         Zot:1 |       0 |   10136 |   0.0 |       0 |       6 |   0.0 |   253
         Zot:2 |       0 |    2330 |   0.0 |       0 |       3 |   0.0 |   101
         Zot:3 |       0 |   42714 |   0.0 |       0 |      43 |   0.0 |   338
         Zot:4 |       0 |   19599 |   0.0 |       0 |       6 |   0.0 |   138
         Zot:5 |       0 |  132608 |   0.0 |       0 |      42 |   0.0 |   476
       Abyss:3 |   12293 |    7700 |  61.5 |      23 |      12 |  65.7 |   314
           Lab |       0 |     950 |   0.0 |       0 |       3 |   0.0 |   191
        Bailey |       0 |    1442 |   0.0 |       0 |      27 |   0.0 |   318
         IceCv |       0 |    5363 |   0.0 |       0 |      20 |   0.0 |   405
        WizLab |       0 |    1194 |   0.0 |       0 |       1 |   0.0 |   197
               +---------+---------+-------+---------+---------+-------+---------
